 Dungeon Crawl Stone Soup version 0.29.1-15-g9cfb28693d (webtiles) character file.

Game seed: 363673617338080335

45 Silvore the Chopper (level 3, 0/29 HPs)
             Began as a Demonspawn Monk on Apr 30, 2023.
             Slain by a black bear (5 damage)
             ... on level 2 of the Dungeon.
             The game lasted 00:02:26 (2357 turns).

Silvore the Chopper (Demonspawn Monk)               Turns: 2357, Time: 00:02:27

Health: 0/29       AC:  7    Str: 11    XL:     3   Next: 42%
Magic:  0/3        EV: 11    Int: 11    God:
Gold:   57         SH:  0    Dex: 17    Spells: 2/2 levels left

rFire   . . .      SeeInvis .   a - +1 hand axe
rCold   . . .      Faith    .   (no shield)
rNeg    . . .      Spirit   +   g - +0 ring mail
rPois   .          Reflect  .   (helmet restricted)
rElec   .          Harm     .   i - +0 cloak
rCorr   .          Rampage  .   d - +0 pair of gloves
Will    .....                   (no boots)
Stlth   +.........              h - amulet of guardian spirit
HPRegen 0.09/turn               (no ring)
MPRegen 0.08/turn               (no ring)

@: no status effects
A: antennae 1, powered by death 1
a: no special abilities


You were on level 2 of the Dungeon.
You visited 1 branch of the dungeon, and saw 2 of its levels.

You collected 57 gold pieces.

Inventory:

Hand Weapons
 a - a +1 hand axe (weapon)
Armour
 b - a +0 robe
 d - a +0 pair of gloves (worn)
 g - a +0 ring mail (worn)
 i - a +0 cloak (worn)
Jewellery
 h - an amulet of guardian spirit (around neck)
Scrolls
 c - a scroll of enchant weapon
 f - a scroll of identify


   Skills:
 + Level 3.3 Fighting
 + Level 3.4 Axes
 + Level 3.1 Dodging
 + Level 2.0 Stealth


You had 2 spell levels left.
You didn't know any spells.
Your spell library was empty.

Dungeon Overview and Level Annotations

Branches:
Dungeon (2/15)

Altars:

Shops:
D:2 [


Innate Abilities, Weirdness & Mutations

You have a pair of small antennae on your head.
You regenerate a little health from kills.


Message History

The black bear is severely wounded.
The black bear closely misses you.
The black bear claws you but does no damage.
The black bear claws you.
The black bear bites you but does no damage.
The black bear claws you but does no damage.
The black bear closely misses you.
You hit the black bear.
The black bear is severely wounded.
The black bear bites you but does no damage.
The black bear barely misses you. The black bear claws you.
You closely miss the black bear.
The black bear is severely wounded.
The black bear bites you.
The black bear claws you but does no damage.
The black bear barely misses you.
You hit the black bear.
The black bear is severely wounded.
The black bear bites you but does no damage.
The black bear claws you but does no damage.
The black bear barely misses you.
You hit the black bear but do no damage.
The black bear is severely wounded.
The black bear bites you. The black bear closely misses you. x2
You hit the black bear but do no damage.
The black bear is severely wounded.
The black bear goes berserk!
You slash the black bear!
The black bear is almost dead.
The black bear bites you. The black bear claws you.
* * * LOW HITPOINT WARNING * * *
The black bear claws you.
* * * LOW HITPOINT WARNING * * *
The black bear closely misses you. The black bear claws you.
* * * LOW HITPOINT WARNING * * *
The black bear closely misses you.
You closely miss the black bear.
The black bear is almost dead.
The black bear barely misses you. The black bear claws you.
You die...

#.##.# ##############.##.#
................#.###########
########..####..............#
##..###∩####..######.#
##..##.##.........#.#
##....##.###.##.##.#
###..##.# #.##.##.# #..h@.#
#.##.##.#
..[....####.###.#.....#
....... #..##.####..# .......
##.##..###..##### #######
#..##..##.......
##........###### ######...#
##..# ##.#


You could see a black bear (berserk).

Vanquished Creatures
  A dart slug (D:1)
  2 bats (D:1)
  3 endoplasms
  4 giant cockroaches
  2 goblins (D:1)
  6 hobgoblins (D:1)
  4 jackals (D:1)
  3 quokkas
  3 ball pythons
  A frilled lizard (D:1)
  4 kobolds (D:1)
  3 rats
36 creatures vanquished.

Vanquished Creatures (others)
  A plant (D:1)
1 creature vanquished.

Grand Total: 37 creatures vanquished

Notes
Turn   | Place    | Note
-------+----------+-------------------------------------------
     0 | D:1      | Silvore the Demonspawn Monk began the quest for the Orb.
     0 | D:1      | Reached XP level 1. HP: 18/18 MP: 1/1
   151 | D:1      | Gained mutation: You have a pair of small antennae on your
                  | head. [demonic ancestry]
   151 | D:1      | Reached XP level 2. HP: 9/24 MP: 2/2
  1469 | D:1      | Gained mutation: You regenerate a little health from kills.
                  | [demonic ancestry]
  1469 | D:1      | Reached XP level 3. HP: 29/29 MP: 3/3
  1847 | D:2      | Found a faded altar of an unknown god.
  2096 | D:2      | Found Titrira's Antique Armour Shop.
  2340 | D:2      | Noticed a black bear
  2357 | D:2      | Slain by a black bear

Illustrated notes

Levels and vault maps discovered:
D:1:      wander_arrival_fairy_ring, layout_basic
D:2:      layout_basic, serial_shops, shop, hellmonk_ecumenical_altar_blasted

Skill      XL: |  1  2  3 |
---------------+----------+-----
Axes           | 3 |  3.4
Dodging        | 3 |  3.1
Stealth        | 2 |  2.0
Fighting       | |  3.3

Action                   || total
-------------------------++-------
Melee: Hand axe          ||   138
  Use: Potion            ||     1
       Scroll            ||     4
 Stab: Sleeping          ||     4
Armor: Robe              ||     9
       Ring mail         ||    29
Dodge: Dodged            ||    95
